 Dungeon Sprint DCSS version 0.28-a0-258-g8de209e91f (webtiles) character file.

Game seed: 406495625124342726

108 nicanaca0 the Grappler (level 4, -5/44 HPs)
             Began as a Troll Monk on Aug 26, 2021.
             Slain by an ogre (12 damage)
             ... in the Dungeon (Sprint IX: "|||||||||||||||||||||||||||||").
             The game lasted 00:00:19 (51 turns).

nicanaca0 the Grappler (Troll Monk)                   Turns: 51, Time: 00:00:20

Health: -5/44      AC:  4    Str: 20    XL:     4   Next: 58%
Magic:  3/3        EV: 10    Int:  6    God:
Gold:   0          SH:  0    Dex: 12    Spells: 3/3 levels left

rFire   . . .      SeeInvis .     - Unarmed
rCold   . . .      Faith    .   (no shield)
rNeg    . . .      Spirit   .   a - +0 robe
rPois   .          Reflect  .   (helmet restricted)
rElec   .          Harm     .   (no cloak)
rCorr   .          Rampage  .   (gloves unavailable)
Will    .....      NoTele   +   (boots unavailable)
Stlth   ++........              (no amulet)
HPRegen 1.14/turn               (no ring)
MPRegen 0.08/turn               (no ring)

@: no status effects
A: large, unfitting armour, claws 3, regeneration 1, shaggy fur 1, tough skin 1
a: no special abilities


You were in the Dungeon.
You visited 1 branch

Inventory:

Armour
 a - a +0 robe (worn)
Scrolls
 g - a scroll of blinking
Potions
 b - a potion of curing {@q1}
 c - a potion of heal wounds {@q2}
 d - a potion of haste
 e - 2 potions of magic
 f - a potion of berserk rage


   Skills:
 - Level 2.4 Fighting
 - Level 2.4 Dodging
 - Level 1.0 Stealth
 * Level 9.7 Unarmed Combat


You had 3 spell levels left.
You didn't know any spells.
Your spell library was empty.

Dungeon Overview and Level Annotations

Branches:
Dungeon (1/1)

Altars:


Innate Abilities, Weirdness & Mutations

You are too large for most types of armour.
You have claws for hands.
Your natural rate of healing is unusually fast.
You are covered in fur. (AC +1)
You have tough skin. (AC +1)


Message History

You have reached level 2!
You have reached level 3!
Your experience leads to an increase in your attributes!
Increase (s)trength, (i)ntelligence, or (d)exterity?
You feel stronger. x2
You have reached level 4!
The orc hits you with a +0 short sword.
You mangle the orc!!
You kill the orc!
The iguana closely misses you.
Things that are here:
a +0 short sword; 4 boomerangs You barely miss the iguana.
The iguana bites you but does no damage.
You closely miss the iguana. The iguana closely misses you.
You scratch the iguana.
The iguana is lightly wounded.
The iguana closely misses you.
You scratch the iguana but do no damage.
The iguana is lightly wounded.
The iguana barely misses you.
You barely miss the iguana.
The iguana is lightly wounded.
The iguana barely misses you.
You claw the iguana!
The iguana is heavily wounded.
The iguana bites you!
You scratch the iguana.
The iguana is severely wounded.
You completely miss the iguana.
The iguana is severely wounded.
The iguana bites you!
* * * LOW HITPOINT WARNING * * *
You claw the iguana!
You kill the iguana!
Your Unarmed Combat skill increases to level 9!
You scratch the ogre.
The ogre is lightly wounded.
The ogre hits you with a +0 giant club!
You die...

▓'▓
▓)▓
▓.▓
▓.▓
▓.▓
▓.▓
▓'▓
▓.▓
▓@▓
▓O▓
▓s▓
▓.▓
▓+▓


You could see an ogre and a scorpion.

Vanquished Creatures
  A phantom (D)
  An iguana (D)
  An orc (D)
  An endoplasm (D)
  A goblin (D)
  A quokka (D)
  2 bats (D)
8 creatures vanquished.

Notes
Turn   | Place    | Note
-------+----------+-------------------------------------------
     0 | D        | nicanaca0 the Troll Monk began the quest for the Orb.
     0 | D        | Reached XP level 1. HP: 22/22 MP: 0/0
    12 | D        | Reached skill level 4 in Unarmed Combat
    27 | D        | Noticed a phantom
    27 | D        | Noticed an iguana
    27 | D        | Noticed an ogre
    27 | D        | Noticed a scorpion
    38 | D        | Killed a phantom
    39 | D        | Reached skill level 8 in Unarmed Combat
    39 | D        | Reached XP level 2. HP: 12/29 MP: 1/1
    39 | D        | Reached XP level 3. HP: 15/36 MP: 2/2
    39 | D        | Reached XP level 4. HP: 19/44 MP: 3/3
    51 | D        | Reached skill level 9 in Unarmed Combat
    51 | D        | Slain by an ogre

Illustrated notes

Levels and vault maps discovered:
D:        linesprint [early_d, line_temple, items_1, d_10, items_2, lair_1,
          lair_end, items_3, orc_1, orc_end, items_4, d_15, swamp_1, shoals_1,
          snake_1, spider_1, d_20, vaults_1, items_5, swamp_end, shoals_end,
          snake_end, spider_end, vaults_end, d_27, items_6, zot_1, zot_end,
          crypt_end, forest_end, elf_end, slime_end, tomb_end, abyss_end,
          pan_hell_end]

Skill      XL: |  1  2  3  4 |
---------------+-------------+-----
Unarmed Combat | 8 9 |  9.7
Fighting       | |  2.4
Dodging        | |  2.4
Stealth        | |  1.0

Action                   |  1- 3 |  4- 6 || total
-------------------------+-------+-------++-------
Melee: Unarmed           |    23 |    11 ||    34
Armor: Robe              |     9 |     1 ||    10
Dodge: Dodged            |     6 |     5 ||    11

Table legend: (Time is in decaauts)
 A = Elapsed time spent in this place.
 B = Non-inter-level travel time spent in this place.
 C = Inter-level travel time spent in this place.
 D = Time resting spent in this place.
 E = Time spent auto-exploring this place.
 F = Levels seen in this place.
 G = Mean time per level.
                   A        B        C        D        E       F      G
               +--------+--------+--------+--------+--------+-----+--------+
         Total |     47 |     47 |      0 |      4 |      0 |   1 |   47.0 |
       Dungeon |     47 |     47 |      0 |      4 |      0 |   1 |   47.0 |
               +--------+--------+--------+--------+--------+-----+--------+

Top non-repeatable levels by time:
       D: 47 daAuts
